 Dungeon Crawl Stone Soup version 0.32-a0-768-g0f6f1dd4b9 (webtiles) character file.

Game seed: 221500518347406648

32 lunkers the Chopper (level 3, 0/29 HPs)
             Began as a Coglin Berserker on Mar 18, 2024.
             Was a Follower of Trog.
             Constricted to death by a ball python (2 damage)
             ... on level 1 of the Dungeon.
             The game lasted 00:00:57 (368 turns).

lunkers the Chopper (Coglin Berserker)               Turns: 368, Time: 00:00:57

Health: 0/29       AC:  5    Str: 19    XL:     3   Next: 27%
Magic:  3/3        EV:  0    Int:  6    God:    Trog [*.....]
Gold:   9          SH:  0    Dex: 13    Spells: 2/2 levels left

rFire   . . .        a - +0 hand axe {Byeongho}
rCold   . . .        c - +0 dagger {Yvonne}
rNeg    . . .        f - +0 ring mail
rPois   .            (no helmet)
rElec   .            (no cloak)
rCorr   .            (no gloves)
SInv    .            (no boots)
Will    .....        (amulet unavailable)
Stlth   +            (ring unavailable)
HPRegen 0.24/turn    (ring unavailable)
MPRegen 0.08/turn    (no gizmo)

%: no passive effects
@: constricted, revved
A: off-hand wielding, slow wielding, warmup strikes, no jewellery
a: Invent Gizmo, Renounce Religion, Berserk


You were on level 1 of the Dungeon.
You worshipped Trog.
Trog was aware of your devotion.
You visited 1 branch of the dungeon, and saw 1 of its levels.

You collected 9 gold pieces.

Inventory:

Hand Weapons
 a - a +0 hand axe (weapon) {Byeongho}
 c - a +0 dagger (offhand) {Yvonne}
Armour
 b - a +0 animal skin
 f - a +0 ring mail (worn)
Scrolls
 d - a scroll of identify {unknown}
 e - a scroll of poison {unknown}


   Skills:
 - Level 3.0 Fighting
 + Level 4.3 Axes
 - Level 1.7 Armour
 - Level 1.7 Dodging


You had 2 spell levels left.
You didn't know any spells.
Your spell library was empty.

Dungeon Overview and Level Annotations

Branches:
Dungeon (1/15)

Altars:


Innate Abilities, Weirdness & Mutations

You can wield a second weapon in your off-hand.
It takes a long time for you to wield or remove held weapons.
Your first few attacks do less damage.
You cannot equip rings or amulets.


Message History

The jackal bites you but does no damage.
You barely miss the ball python with your +0 hand axe.
The ball python is heavily wounded.
You closely miss the jackal with your +0 hand axe.
You barely miss the jackal with your +0 hand axe.
You closely miss the ball python with your +0 dagger.
The ball python bites you.
* * * LOW HITPOINT WARNING * * *
The ball python constricts you.
The jackal bites you but does no damage.
The jackal bites you.
* * * LOW HITPOINT WARNING * * *
The jackal bites you.
* * * LOW HITPOINT WARNING * * *
The ball python bites you.
* * * LOW HITPOINT WARNING * * *
The ball python constricts you.
* * * LOW HITPOINT WARNING * * *
You closely miss the ball python with your +0 hand axe.
The ball python is heavily wounded.
You barely miss the jackal with your +0 hand axe.
You hit the jackal with your +0 hand axe.
You kill the jackal!
Trog accepts your kill.
You hit the ball python with your +0 dagger.
The jackal bites you.
* * * LOW HITPOINT WARNING * * *
The ball python bites you.
* * * LOW HITPOINT WARNING * * *
The ball python constricts you.
* * * LOW HITPOINT WARNING * * *
You hit the jackal with your +0 hand axe.
The jackal is heavily wounded.
You barely miss the ball python with your +0 hand axe.
You closely miss the jackal with your +0 dagger.
The jackal bites you.
* * * LOW HITPOINT WARNING * * *
The ball python bites you but does no damage.
The ball python constricts you.
You die...

#+#.# ...## ....### .....#
.....# #....# .. ### #hS..#
... ..# ###@†..# #.. #.#
#.')...# ##.#. #.# #.#..^.#
.....##.# #.###########
.....#.# #.# #....# ####
#.###...###.######....##....#
.................'..†.......+
#.###.......##.###....†.....#
#....##.##.# ###.......##


You could see a jackal and a ball python.

Vanquished Creatures
  A gnoll (D:1)
  A ball python (D:1)
  3 endoplasms (D:1)
  A goblin (D:1)
  4 hobgoblins (D:1)
  3 jackals (D:1)
  A quokka (D:1)
  2 bats (D:1)
  A frilled lizard (D:1)
  3 rats (D:1)
20 creatures vanquished.

Notes
Turn   | Place    | Note
-------+----------+-------------------------------------------
     0 | D:1      | lunkers the Coglin Berserker began the quest for the Orb.
     0 | D:1      | Reached XP level 1. HP: 18/18 MP: 1/1
   121 | D:1      | Reached XP level 2. HP: 9/24 MP: 2/2
   297 | D:1      | Reached skill level 4 in Axes
   322 | D:1      | Reached XP level 3. HP: 25/29 MP: 3/3
   368 | D:1      | Constricted to death by a ball python

Illustrated notes

Levels and vault maps discovered:
D:1:      minmay_arrival_up_and_down, layout_basic

Skill      XL: |  1  2 |
---------------+-------+-----
Axes           | 4 |  4.3
Fighting       | |  3.0
Armour         | |  1.7
Dodging        | |  1.7

Action                     || total
---------------------------++-------
  Melee: Hand axe          ||    49
         Dagger            ||    47
 Invoke: Berserk           ||     1
 Armour: Animal skin       ||    38
         Ring mail         ||    38
  Dodge: Dodged            ||    35

Table legend: (Time is in decaauts)
 A = Elapsed time spent in this place.
 B = Non-inter-level travel time spent in this place.
 C = Inter-level travel time spent in this place.
 D = Time resting spent in this place.
 E = Time spent auto-exploring this place.
 F = Levels seen in this place.
 G = Mean time per level.
                   A        B        C        D        E       F      G
               +--------+--------+--------+--------+--------+-----+--------+
         Total |    377 |    377 |      0 |     24 |    225 |   1 |  377.0 |
       Dungeon |    377 |    377 |      0 |     24 |    225 |   1 |  377.0 |
               +--------+--------+--------+--------+--------+-----+--------+

Top non-repeatable levels by time:
     D:1: 377 daAuts
